 Dungeon Crawl Stone Soup version 0.20-a0-1101-g1de9d76 (webtiles) character file.

103 grindst0ne the Skirmisher (level 4, -4/30 HPs)
             Began as a Gargoyle Fighter on May 4, 2017.
             Was an Initiate of the Shining One.
             Killed by nerve-wracking pain
             ... invoked by Shinoi's ghost
              (6 damage)
             ... on level 3 of the Dungeon.
             The game lasted 00:06:56 (2207 turns).

grindst0ne the Skirmisher (Gargoyle Fighter)        Turns: 2207, Time: 00:06:56

Health: -4/30      AC: 13    Str: 21    XL:     4   Next: 79%
Magic:  4/4        EV:  5    Int:  8    God:    the Shining One [......]
Gold:   179        SH:  9    Dex:  9    Spells: 3/3 levels left

rFire    . . .     SeeInvis .   a - +0 flail
rCold    . . .     Gourm    .   c - +0 shield
rNeg     + . .     Faith    .   z - +1 chain mail {rPois}
rPois    ∞         Spirit   .   (no helmet)
rElec    +         Reflect  .   (no cloak)
rCorr    .         Harm     .   (no gloves)
MR       .....                  (no boots)
Stlth    ..........             (no amulet)
Regen    0.1/turn               (no ring)
MPRegen  0.1/turn               (no ring)

@: glowing
A: negative energy resistance 1, electricity resistance, unbreathing,
petrification resistance, rot immunity, AC +3
a: Renounce Religion


You were on level 3 of the Dungeon.
You worshipped the Shining One.
The Shining One was noncommittal.
You were not hungry.

You visited 1 branch of the dungeon, and saw 3 of its levels.

You collected 179 gold pieces.

Inventory:

Hand Weapons
 a - a +0 flail (weapon)
Armour
 b - a +0 scale mail
 c - a +0 shield (worn)
 z - a +1 chain mail of poison resistance (worn)
Jewellery
 q - an uncursed ring of see invisible {unknown}
Scrolls
 e - 2 scrolls of recharging {unknown}
 g - 4 scrolls of teleportation {unknown}
 i - 2 scrolls of enchant armour {unknown}
 l - 4 scrolls of identify {unknown}
 m - 3 scrolls of amnesia {unknown}
 o - a scroll of magic mapping {unknown}
 s - a scroll of noise {unknown}
 t - a scroll of enchant weapon {unknown}
 u - a scroll of fear {unknown}
 v - 2 scrolls of remove curse {unknown}
 y - 2 scrolls of blinking {unknown}
Potions
 d - a potion of might
 h - a potion of mutation {unknown}
 j - a potion of lignification {unknown}
 p - a potion of flight {unknown}
 r - a potion of ambrosia {unknown}
 w - a potion of heal wounds {unknown}
 x - 2 potions of curing {unknown}
Comestibles
 f - 4 bread rations
 k - a meat ration
 n - 3 chunks of flesh


   Skills:
 + Level 4.4 Fighting
 + Level 3.9 Maces & Flails
 - Level 3.2 Armour
 - Level 3.2 Shields


You had 3 spell levels left.
You didn't know any spells.

Dungeon Overview and Level Annotations

Branches:
Dungeon (3/15)

Altars:
Gozag
Uskayaw
Yredelemnul
The Shining One

Annotations:
D:3 Shinoi's ghost, amateur DsNe


Innate Abilities, Weirdness & Mutations

You are resistant to torment.
Your stone body is resilient. (AC +3)
You are immune to poison.
You resist negative energy. (rN+)
You are resistant to electric shocks. (rElec)
You can survive without breathing.
You are immune to petrification.
You are immune to rotting.


Message History

Shinoi's ghost draws life force from you and is healed!
You closely miss Shinoi's ghost.
Shinoi's ghost is severely damaged.
Shinoi's ghost is infused with unholy energy.
* * * LOW HITPOINT WARNING * * *
Shinoi's ghost draws life force from you and is healed!
You closely miss Shinoi's ghost.
Shinoi's ghost is heavily damaged.
Shinoi's ghost casts a spell at you. Pain shoots through your body!
* * * LOW HITPOINT WARNING * * *
You barely miss Shinoi's ghost.
Shinoi's ghost is heavily damaged.
Shinoi's ghost hits you but does no damage.
You block Shinoi's ghost's attack.
Your shield and chain mail prevent you from hitting Shinoi's ghost.
Shinoi's ghost is heavily damaged.
Shinoi's ghost gestures at you while chanting.
Pain shoots through your body!
You die...

# ### #. [.## ... ..# ....
#.# ..... #.####
......########....#########
.........W@.....(......)...
......############..######
..... ##.## .... #..## #


l.W ##..####. .. ##..##.. . ##..#.# ##.#.. #..## You could see Shinoi's ghost.

Vanquished Creatures
  Terence (D:2)
  An adder (D:2)
  An ooze (D:1)
  A dart slug (D:2)
  3 worms
  2 leopard geckos
  4 orcs (D:3)
  A giant cockroach (D:2)
  6 goblins
  6 hobgoblins
  3 jackals (D:2)
  4 bats
  5 frilled lizards
  7 kobolds
  8 rats
53 creatures vanquished.

Notes
Turn   | Place    | Note
-------+----------+-------------------------------------------
     0 | D:1      | grindst0ne the Gargoyle Fighter began the quest for the Orb.
     0 | D:1      | Reached XP level 1. HP: 14/14 MP: 1/1
   295 | D:1      | Reached XP level 2. HP: 19/19 MP: 2/2
   894 | D:2      | Reached XP level 3. HP: 24/24 MP: 3/3
  1032 | D:2      | Reached skill level 4 in Fighting
  1041 | D:2      | Noticed Terence
  1050 | D:2      | Killed Terence
  1050 | D:2      | Reached XP level 4. HP: 16/29 MP: 4/4
  1379 | D:2      | Found a glowing golden altar of the Shining One.
  1379 | D:2      | Found a hide-covered altar of Uskayaw.
  1379 | D:2      | Found a basalt altar of Yredelemnul.
  1401 | D:2      | Found an opulent altar of Gozag.
  1454 | D:2      | Became a worshipper of the Shining One
  2184 | D:3      | Noticed Shinoi's ghost (amateur DsNe)
  2207 | D:3      | Killed from afar by Shinoi's ghost

Vault maps used:
D:1:      lightli_arrival_quake
D:2:      grunt_gozag_breadcrumbs, gammafunk_temple_overflow_claw, first_bread,
          uniq_terence
D:3:      nemelex_xobeh_ov_fountains_minmay, uniq_sigmund, uniq_jessica

Skill      XL: |  1  2  3 |
---------------+----------+-----
Maces & Flails | 3 |  3.9
Fighting       | 4 |  4.4
Armour         | |  3.2
Shields        | |  3.2

Action                   |  1- 3 |  4- 6 || total
-------------------------+-------+-------++-------
Melee: Flail             |   129 |   111 ||   240
  Eat: Chunk             |     1 |     4 ||     5
Armor: Scale mail        |    83 |    35 ||   118
       Chain mail        |       |    28 ||    28
Dodge: Dodged            |    48 |    24 ||    72
Block: Shield            |    76 |    46 ||   122
